 Dungeon Crawl Stone Soup version 0.26.1-2-gb8aa6d0cf2 (webtiles) character file.

Game seed: 721219169614928324

11634 sking99 the Cleaver (level 11, -8/74 (87) HPs)
             Began as a Demonspawn Gladiator on Feb 21, 2021.
             Was the Champion of Ru.
             Mangled by a 19-headed hydra (9 damage)
             ... on level 1 of the Lair of Beasts.
             The game lasted 00:27:36 (16540 turns).

sking99 the Cleaver (Demonspawn Gladiator)         Turns: 16540, Time: 00:27:36

HP:   -8/74 (87)    AC: 18    Str: 17    XL:     11   Next: 51%
MP:   0/17          EV:  8    Int: 10    God:    Ru [******]
Gold: 810           SH:  0    Dex: 15    Spells: 18/18 levels left

rFire    . . .     SeeInvis .   a - +1 war axe
rCold    . . .     Faith    .   (shield unavailable)
rNeg     . . .     Spirit   +   E - +0 plate armour
rPois    .         Reflect  .   (helmet restricted)
rElec    .         Harm     .   (no cloak)
rCorr    .         Rampage  .   i - +0 pair of gloves
Will     +....                  D - +2 pair of boots
Stlth    ..........             (no amulet)
HPRegen  0.22/turn              (ring unavailable)
MPRegen  0.30/turn              B - ring of willpower

@: mighty, exhausted, heavily drained
A: antennae 1, powered by death 1, magic shield, magic regeneration, magic link,
missing a hand, no air magic, no hexes magic, no necromancy magic, inexperienced
1
a: Renounce Religion, Draw Out Power, Power Leap, Apocalypse


You were on level 1 of the Lair of Beasts.
You worshipped Ru.
Ru was exalted by your worship.
You visited 3 branches of the dungeon, and saw 12 of its levels.
You also visited: Ossuary.

You collected 810 gold pieces.

Inventory:

Hand Weapons
 a - a +1 war axe (weapon)
Missiles
 d - 5 throwing nets (quivered)
Armour
 i - a +0 pair of gloves (worn)
 D - a +2 pair of boots (worn)
 E - a +0 plate armour (worn)
Jewellery
 e - an uncursed ring of wizardry
 o - an uncursed ring of protection from cold
 B - a ring of willpower (right hand)
Wands
 t - a wand of polymorph (3)
 y - a wand of enslavement (10)
 C - a wand of flame (14)
 F - a wand of digging (6)
 G - a wand of acid (9)
Scrolls
 b - 6 scrolls of teleportation
 c - a scroll of fog {unknown}
 h - 8 scrolls of remove curse
 l - 5 scrolls of identify
 m - 3 scrolls of enchant armour
 p - 3 scrolls of amnesia
 v - 2 scrolls of blinking
 x - 3 scrolls of fear
Potions
 f - a potion of mutation
 g - 6 potions of curing
 j - 3 potions of ambrosia
 k - 2 potions of magic
 n - 2 potions of flight
 r - 2 potions of lignification
 s - 4 potions of heal wounds
 u - 2 potions of attraction
 w - a potion of haste
 z - a potion of brilliance
 A - a potion of cancellation


   Skills:
 + Level 8.9 Fighting
 * Level 11.4 Axes
 - Level 1.7 Throwing
 + Level 7.8 Armour
 + Level 5.1 Dodging
 + Level 4.1 Spellcasting


You had 18 spell levels left.
You didn't know any spells.
Your spell library was empty.

Dungeon Overview and Level Annotations

Branches:
Dungeon (10/15)            Temple (1/1) D:6            Lair (1/6) D:8
    Orc (0/2) D:9         Ossuary (visited)

Altars:
Ashenzari
Dithmenos
Elyvilon
Gozag
Hepliaklqana
Kikubaaqudgha
Okawaru
Qazlal
Ru
Vehumet
Wu Jian
Yredelemnul
The Shining One

Annotations:
Lair:1 1 runed translucent door, 2 transporters, exclusion: oklob plant, Danetta's ghost, journeyman GnCj


Innate Abilities, Weirdness & Mutations

You have a pair of small antennae on your head.
You regenerate a little health from kills.
When hurt, damage is shared between your health and your magic reserves.
You regenerate magic rapidly.
When low on magic, you restore magic in place of health.
You are missing a hand.
You cannot study or cast Air magic.
You cannot study or cast Hexes magic.
You cannot study or cast Necromancy magic.
You are somewhat inexperienced. (-2 XL)


Message History

* * * LOW HITPOINT WARNING * * *
The 18-headed hydra closely misses you.
The 18-headed hydra bites you but does no damage. x2
You lop one of the 18-headed hydra's heads off!
The 17-headed hydra grows two more!
You slash the 19-headed hydra!
The 19-headed hydra is heavily wounded.
The 19-headed hydra bites you.
* * * LOW HITPOINT WARNING * * *
The 19-headed hydra barely misses you. The 19-headed hydra closely misses you.
The 19-headed hydra bites you but does no damage.
The 19-headed hydra bites you!
* * * LOW HITPOINT WARNING * * *
The 19-headed hydra barely misses you. The 19-headed hydra closely misses you.
The 19-headed hydra bites you.
* * * LOW HITPOINT WARNING * * *
You focus your inner power and slow the 19-headed hydra in retribution!
The 19-headed hydra closely misses you. The 19-headed hydra barely misses you.
The 19-headed hydra closely misses you.
The 19-headed hydra barely misses you. x2
The 19-headed hydra bites you!
You die...

####................
.##.....##...######.#
.###....##.#..#####.#
..##................#
.###....##.......##.#
###.....####.##.## #
##....####.##.###.#
###P................#
...............D@...#
.....................#
....................##
..... .............#
..... ..............#
..... ..##.###..##.##
##### . ## #..# .#
...# .#


You could see a 19-headed hydra (blind, slow).

Vanquished Creatures
  Harold (D:7)
  An unseen horror (D:10)
  Pikel (D:4)
  Joseph (D:7)
  A cane toad (Lair:1)
  A komodo dragon (Lair:1)
  3 meliai
  A polar bear (Lair:1)
  Prince Ribbit (D:7)
  A wraith (D:10)
  A wyvern (D:10)
  8 yaks
  Grum (D:8)
  4 vampire mosquitoes (D:10)
  Menkaure (D:4)
  4 water moccasins
  3 orc warriors
  A necrophage (D:10)
  A black bear (D:7)
  3 sky beasts
  An ice beast (D:10)
  An eye of draining (D:9)
  9 ogres
  3 phantoms
  3 centaurs
  3 wolves (D:8)
  2 big kobolds
  Blork the orc (D:6)
  7 bullfrogs
  A gnoll sergeant (D:10)
  9 scorpions
  14 killer bees
  9 wights
  A bullfrog zombie (D:3)
  3 human zombies (Ossuary)
  2 centaur zombies
  A quasit (D:10)
  2 hounds
  6 orc priests
  3 bullfrog skeletons
  2 iguanas
  6 orc wizards
  Ijyb (D:3)
  Natasha (D:3)
  5 worker ants
  3 mummies (Ossuary)
  Robin (D:3)
  2 worker ant zombies (D:3)
  10 gnolls
  A howler monkey skeleton (D:9)
  2 scorpion zombies (Ossuary)
  9 adders
  2 shadow imps
  A white imp (D:9)
  3 ufetubi
  2 adder zombies
  3 adder skeletons
  2 worms
  A dart slug (D:5)
  4 leopard geckos
  30 orcs
  4 bats
  8 giant cockroaches
  A gnoll zombie (Ossuary)
  12 goblins
  15 hobgoblins
  2 jackals (D:4)
  11 kobolds
  7 quokkas
  4 ball pythons
  A ball python skeleton (D:3)
  5 frilled lizards
  A giant cockroach zombie (D:3)
  2 goblin zombies (Ossuary)
  3 kobold zombies (Ossuary)
  A leopard gecko skeleton (D:3)
  An orc zombie (Ossuary)
  A quokka skeleton (D:4)
  A quokka zombie (D:3)
  4 rats
295 creatures vanquished.

Vanquished Creatures (others)
  2 yaks (Lair:1)
  A scorpion (Ossuary)
  2 killer bees
  A gnoll (D:10)
  A hobgoblin (D:3)
  An orc zombie (Ossuary)
  12 plants
  2 withered plants (D:3)
22 creatures vanquished.

Grand Total: 317 creatures vanquished

Notes
Turn   | Place    | Note
-------+----------+-------------------------------------------
     0 | D:1      | sking99 the Demonspawn Gladiator began the quest for the
                  | Orb.
     0 | D:1      | Reached XP level 1. HP: 16/16 MP: 1/1
    23 | D:1      | Found a broken altar of Ashenzari.
   252 | D:1      | Reached skill level 3 in Axes
   252 | D:1      | Gained mutation: When hurt, damage is shared between your
                  | health and your magic reserves. [demonic ancestry]
   252 | D:1      | Reached XP level 2. HP: 22/22 MP: 2/2
   768 | D:2      | Reached skill level 1 in Armour
   976 | D:2      | Found a sacrificial altar of Ru.
  1003 | D:2      | Gained mutation: You have a pair of small antennae on your
                  | head. [demonic ancestry]
  1003 | D:2      | Reached XP level 3. HP: 26/28 MP: 3/3
  1229 | D:2      | Became a worshipper of Ru the Awakened
  1632 | D:2      | Found a basalt altar of Yredelemnul.
  1663 | D:2      | Found a glowing golden altar of the Shining One.
  2149 | D:3      | Reached XP level 4. HP: 34/34 MP: 4/4
  2304 | D:3      | Noticed Natasha
  2310 | D:3      | Killed Natasha
  2311 | D:3      | Reached skill level 4 in Axes
  2635 | D:3      | Gained mutation: You are somewhat inexperienced. (-2 XL)
                  | [Ru sacrifice]
  2635 | D:3      | Reached XP level 3. HP: 29/29 MP: 3/3
  2635 | D:3      | Reached XP level 2. HP: 24/24 MP: 2/2
  2635 | D:3      | Reached * piety under Ru
  2635 | D:3      | Reached ** piety under Ru
  2635 | D:3      | Reached *** piety under Ru
  2664 | D:3      | Reached XP level 3. HP: 29/29 MP: 3/3
  2691 | D:3      | Noticed Robin
  2705 | D:3      | Killed Robin
  3016 | D:3      | Reached XP level 4. HP: 35/35 MP: 4/4
  3250 | D:3      | Noticed Ijyb
  3303 | D:3      | Killed Ijyb
  3304 | D:3      | Gained mutation: You regenerate magic rapidly. [demonic
                  | ancestry]
  3304 | D:3      | Reached XP level 5. HP: 19/41 MP: 3/5
  3691 | D:3      | Found a hazy altar of Hepliaklqana.
  4085 | D:4      | Reached skill level 5 in Axes
  4160 | D:4      | Noticed Menkaure
  4161 | D:4      | Noticed a phantom
  4246 | D:3      | Killed a phantom
  4247 | D:3      | Reached XP level 6. HP: 39/48 MP: 6/6
  4327 | D:4      | Noticed Pikel
  4337 | D:4      | Killed Pikel
  4338 | D:4      | Reached skill level 6 in Axes
  4338 | D:4      | Gained mutation: When low on magic, you restore magic in
                  | place of health. [demonic ancestry]
  4338 | D:4      | Reached XP level 7. HP: 32/55 MP: 5/7
  4466 | D:4      | Killed Menkaure
  4864 | D:4      | Found an iron altar of Okawaru.
  5040 | D:4      | Reached skill level 5 in Fighting
  5110 | D:4      | Found an opulent altar of Gozag.
  5308 | D:5      | Entered Level 5 of the Dungeon
  5409 | D:5      | Gained mutation: You are missing a hand. [Ru sacrifice]
  5409 | D:5      | Reached **** piety under Ru
  5409 | D:5      | Reached ***** piety under Ru
  5652 | D:5      | Reached XP level 8. HP: 62/62 MP: 8/8
  5666 | D:5      | Found an ornate altar of the Wu Jian Council.
  5823 | D:5      | Reached skill level 7 in Axes
  6491 | D:6      | Found a staircase to the Ecumenical Temple.
  6492 | D:6      | Noticed Blork the orc
  6508 | D:6      | Killed Blork the orc
  6729 | Temple   | Entered the Ecumenical Temple
  6927 | D:6      | Found a sand-covered staircase.
  6936 | Ossuary  | Entered an ossuary
  7019 | Ossuary  | Reached skill level 5 in Armour
  7027 | Ossuary  | Reached skill level 8 in Axes
  7474 | D:6      | Reached XP level 9. HP: 46/68 MP: 6/9
  8097 | D:7      | Noticed Harold
  8174 | D:7      | Gained mutation: You cannot study or cast Air magic. [Ru
                  | sacrifice]
  8174 | D:7      | Gained mutation: You cannot study or cast Hexes magic. [Ru
                  | sacrifice]
  8174 | D:7      | Gained mutation: You cannot study or cast Necromancy magic.
                  | [Ru sacrifice]
  8174 | D:7      | Reached ****** piety under Ru
  8351 | D:7      | Reached skill level 9 in Axes
  8911 | D:7      | Noticed Prince Ribbit
  8930 | D:7      | Killed Prince Ribbit
  9131 | D:7      | Killed Harold
  9440 | D:7      | Noticed Joseph
  9464 | D:7      | Killed Joseph
  9465 | D:7      | Reached XP level 10. HP: 20/79 MP: 6/10
 10003 | D:8      | Found a radiant altar of Vehumet.
 10096 | D:8      | Reached skill level 1 in Spellcasting
 10112 | D:8      | Reached skill level 10 in Axes
 10253 | D:8      | Found a staircase to the Lair.
 10543 | D:8      | Noticed Grum
 10572 | D:8      | Killed Grum
 12585 | D:9      | Found a staircase to the Orcish Mines.
 13161 | D:9      | Found a stormy altar of Qazlal.
 13161 | D:9      | Found a white marble altar of Elyvilon.
 13401 | D:10     | Entered Level 10 of the Dungeon
 13421 | D:10     | Killed an unseen horror
 13422 | D:10     | Gained mutation: You regenerate a little health from kills.
                  | [demonic ancestry]
 13422 | D:10     | Reached XP level 11. HP: 71/87 MP: 15/15
 13640 | D:10     | Reached skill level 11 in Axes
 15252 | Lair:1   | Entered Level 1 of the Lair of Beasts
 15298 | Lair:1   | Found a runed translucent door.
 15298 | Lair:1   | Identified the +4 spear of Deceirph {elec, +Fly rPois rC-
                  | Str+2}
 15308 | Lair:1   | Noticed Danetta's ghost (journeyman GnCj)
 15743 | Lair:1   | Found a transporter.
 15747 | Lair:1   | Found a transporter.
 15747 | Lair:1   | Noticed a boulder beetle
 15839 | Lair:1   | Reached skill level 5 in Dodging
 16309 | Lair:1   | Noticed an oklob plant
 16524 | Lair:1   | Noticed an eight-headed hydra
 16540 | Lair:1   | HP: 1/74 [19-headed hydra (3)]
 16540 | Lair:1   | Mangled by a 19-headed hydra

Illustrated notes

Levels and vault maps discovered:
D:1:      dpeg_arrival_long_road, layout_basic, evilmike_ruin_ashenzari
D:2:      layout_basic, grunt_temple_overflow_holy_war, lemuel_crystal_altar,
          hangedman_decor_push
D:3:      minmay_angry_zag, layout_loops_ring, nzn_hepliaklqana_mist_gate,
          serial_undead, serial_undead_c, serial_undead_a, serial_undead_c,
          serial_undead_a, serial_undead_d, serial_undead_d,
          roderic_roman_lattice, uniq_ijyb, uniq_natasha, uniq_robin
D:4:      minmay_diamond_boxcup, layout_basic, okawaru_metal_pillars_3,
          nicolae_gozag_seed_capital, uniq_pikel, uniq_menkaure
D:5:      layout_basic, lemuel_round_altar
D:6:      layout_rooms, minmay_temple_entry_overgrown,
          nicolae_ossuary_entry_monument, portal_sewer_entry_d,
          uniq_blork_the_orc
D:7:      layout_rooms, uniq_joseph, uniq_prince_ribbit1, uniq_harold
D:8:      layout_loops_corners, vehumet_altar_wand_db, lair_entry_dummy,
          uniq_grum
D:9:      layout_irregular_city, gammafunk_temple_overflow_statue, david_orc_2
D:10:     layout_irregular_city
Temple:   dshaligram_water_room_temple
Lair:1:   gammafunk_boulding_lane, layout_regular_city,
          ebering_ghost_funeral_grove, minmay_lair_oklob_chamber,
          grunt_megastairs_2

Skill      XL: |  1  2  3  4  5  6  7  8  9 10 11 |
---------------+----------------------------------+-----
Axes           | 3 4 5 6 8 9 10 11 | 11.4
Armour         | 1 2 3 4 5 6 7 |  7.8
Fighting       | 3 4 5 6 7 8 |  8.9
Dodging        | 4 5 |  5.1
Spellcasting   | 3 4 |  4.1
Throwing       | |  1.7

Action                   |  1- 3 |  4- 6 |  7- 9 | 10-12 || total
-------------------------+-------+-------+-------+-------++-------
Melee: War axe           |   155 |   141 |   390 |   570 ||  1256
       Unarmed           |       |     8 |       |       ||     8
Invok: Sacrifice Experie |     1 |       |       |       ||     1
       Draw Out Power    |       |     1 |     6 |     3 ||    10
       Sacrifice a Hand  |       |       |     1 |       ||     1
       Sacrifice Arcana  |       |       |     1 |       ||     1
       Power Leap        |       |       |       |     2 ||     2
       Apocalypse        |       |       |       |     2 ||     2
  Use: Scroll            |       |     9 |    11 |     1 ||    21
       Potion            |       |       |     1 |     3 ||     4
 Stab: Distracted        |       |     1 |     4 |     4 ||     9
       Invisible         |       |       |     7 |     9 ||    16
       Paralysed         |       |       |     6 |    22 ||    28
Armor: Leather armour    |     6 |       |       |       ||     6
       Chain mail        |    93 |   106 |   209 |   181 ||   589
       Skin              |       |     4 |       |       ||     4
       Plate armour      |       |       |       |   199 ||   199
Dodge: Dodged            |    51 |    67 |   161 |   275 ||   554
